TOP OF THE 1ST |
Oman Cavaliers batting - Pitching for Palocabildo Tarpons : RHP Elkhan Kauzov
|
Pitching: RHP Elkhan Kauzov
|
|
Batting: RHB Hau Giap
|
0-0: Swinging Strike 0-1: Ball 1-1: Swinging Strike 1-2: Ball 2-2: Ball 3-2: Base on Balls
|
Batting: SHB Guruprasada Nigam
|
0-0: Called Strike 0-1: Swinging Strike Hau Giap is caught stealing 2nd base 2-6 0-2: Ball 1-2: Ball 2-2: Ball 3-2: Base on Balls
|
Batting: RHB Pierre Lemonnier
|
0-0: Called Strike Guruprasada Nigam steals 2nd base 0-1: Ball 1-1: Ball 2-1: Foul Ball, location: 9LSF 2-2: Ball 3-2: Strikes out swinging, 2-3 out at first.
|
Batting: RHB Jarno Soininen
|
0-0: Called Strike 0-1: Ball 1-1: Ball 2-1: Foul Ball, location: 2F 2-2: Ball 3-2: Fly out, F3 (Line Drive, 3L, EV 71.3 MPH)
|
Top of the 1st over - 0 runs, 0 hits, 0 errors, 1 left on base; Oman 0 - Palocabildo 0 |
BOTTOM OF THE 1ST |
Palocabildo Tarpons batting - Pitching for Oman Cavaliers : RHP Suoud Abdul-Muhaimin
|
Pitching: RHP Suoud Abdul-Muhaimin
|
|
Batting: RHB Amdegh Yafeu
|
0-0: Ball 1-0: SINGLE (Line Drive, 8LS, EV 106.3 MPH)
|
Batting: RHB Evren Al-Suhrawardî
|
0-0: Called Strike 0-1: SINGLE (Line Drive, 78S, EV 98.8 MPH) Amdegh Yafeu to second
|
Batting: RHB Martin Saunders
|
0-0: Called Strike 0-1: Ball 1-1: Fly out, F7 (Line Drive, 7S, EV 106.9 MPH)
|
Batting: RHB Ibulaim Kimaiyo
|
0-0: Ball 1-0: Swinging Strike 1-1: Called Strike 1-2: 3-RUN HOME RUN (Flyball, 7D, EV 91.9 MPH), Distance : 346 ft
|
Batting: LHB Rana Barlas
|
0-0: Called Strike 0-1: Ball 1-1: SINGLE (Line Drive, 7S, EV 103.1 MPH)
|
Batting: RHB Guo-dong Ruan
|
0-0: Ball 1-0: Foul Ball, location: 3F 1-1: Ball 2-1: SINGLE (Line Drive, 4D, EV 105.0 MPH) Rana Barlas to second Runner from 2nd tries for 3rd, SAFE, throw by CF made to third
|
Batting: RHB Lucas Rauf
|
0-0: Called Strike 0-1: DOUBLE (Flyball, 8RXD, EV 104.4 MPH) Rana Barlas scores Guo-dong Ruan to third
|
Batting: RHB Erion Dzaferi
|
0-0: Called Strike 0-1: Ground out 5-3 (Groundball, 56, EV 81.9 MPH) Guo-dong Ruan scores
|
Batting: RHB Louie Heritage
|
0-0: Foul Ball, location: 3FF 0-1: Ball 1-1: Called Strike 1-2: SINGLE (Groundball, 4D, EV 96.3 MPH) Lucas Rauf to third Runner from 3rd tries for Home, SAFE, throw by CF to home
|
Batting: RHB Amdegh Yafeu
|
0-0: Ball 1-0: Foul Ball, location: 2RF 1-1: Swinging Strike 1-2: Ball 2-2: Ball 3-2: Foul Ball, location: 2F 3-2: Foul Ball, location: 2F 3-2: Ground out 5-3 (Groundball, 15, EV 80.0 MPH)
|
Bottom of the 1st over - 6 runs, 7 hits, 0 errors, 1 left on base; Oman 0 - Palocabildo 6 |
TOP OF THE 2ND |
Oman Cavaliers batting - Pitching for Palocabildo Tarpons : RHP Elkhan Kauzov
|
Batting: LHB Sayyid bin Zaki
|
0-0: SINGLE (Line Drive, 78M, EV 93.1 MPH)
|
Batting: RHB Weihwa Nasila
|
0-0: Called Strike 0-1: Ball 1-1: Swinging Strike 1-2: Fly out, F7 (Flyball, 7D, EV 86.3 MPH)
|
Batting: RHB Raphaël Laurent
|
0-0: Fly out, F7 (Line Drive, 7S, EV 98.8 MPH)
|
Batting: RHB Alistair Davis
|
0-0: Ball 1-0: Called Strike 1-1: Foul Ball, location: 2RF 1-2: Ball 2-2: Ground out 1-3 (Groundball, 13, EV 70.6 MPH)
|
Top of the 2nd over - 0 runs, 1 hit, 0 errors, 1 left on base; Oman 0 - Palocabildo 6 |
BOTTOM OF THE 2ND |
Palocabildo Tarpons batting - Pitching for Oman Cavaliers : RHP Suoud Abdul-Muhaimin
|
Batting: RHB Evren Al-Suhrawardî
|
0-0: Foul Ball, location: 2F 0-1: Ground out 6-3 (Groundball, 6, EV 89.4 MPH)
|
Batting: RHB Martin Saunders
|
0-0: Ball 1-0: Fly out, F4 (Flyball, 4D, EV 95.6 MPH)
|
Batting: RHB Ibulaim Kimaiyo
|
0-0: Called Strike 0-1: Called Strike 0-2: Ball 1-2: Fly out, F6 (Popup, 6, EV 60.6 MPH)
|
Bottom of the 2nd over - 0 runs, 0 hits, 0 errors, 0 left on base; Oman 0 - Palocabildo 6 |
TOP OF THE 3RD |
Oman Cavaliers batting - Pitching for Palocabildo Tarpons : RHP Elkhan Kauzov
|
Batting: SHB Daudi Tulivu
|
0-0: Ball 1-0: Ground out 3-1 (Groundball, 34S, EV 81.3 MPH)
|
Batting: RHB Hau Giap
|
0-0: Ball 1-0: Ball 2-0: Foul Ball, location: 23F 2-1: SINGLE (Flyball, 89S, EV 96.3 MPH)
|
Batting: SHB Guruprasada Nigam
|
0-0: Ball 1-0: Ball 2-0: Called Strike 2-1: Foul Ball, location: 3SF 2-2: Ball 3-2: Fielders Choice at 2nd, 6-4 (Groundball, 6, EV 88.1 MPH)
|
Batting: RHB Pierre Lemonnier
|
0-0: Ball 1-0: SINGLE (Groundball, 6D, EV 105.0 MPH) Guruprasada Nigam to second
|
Batting: RHB Jarno Soininen
|
0-0: Called Strike 0-1: Ball 1-1: Swinging Strike 1-2: Fly out, F9 (Flyball, 9LS, EV 93.1 MPH)
|
Top of the 3rd over - 0 runs, 2 hits, 0 errors, 2 left on base; Oman 0 - Palocabildo 6 |
BOTTOM OF THE 3RD |
Palocabildo Tarpons batting - Pitching for Oman Cavaliers : RHP Suoud Abdul-Muhaimin
|
Batting: LHB Rana Barlas
|
0-0: Fly out, F7 (Flyball, 78M, EV 97.5 MPH)
|
Batting: RHB Guo-dong Ruan
|
0-0: Ball 1-0: Ball 2-0: Ball 3-0: Base on Balls
|
Batting: RHB Lucas Rauf
|
0-0: Ball 1-0: DOUBLE (Flyball, 8LXD, EV 95.0 MPH) Guo-dong Ruan to third
|
Batting: RHB Erion Dzaferi
|
0-0: Ball 1-0: Foul Ball, location: 5F 1-1: Ball 2-1: Called Strike 2-2: Fly out, F4 (Popup, 13, EV 72.5 MPH)
|
Batting: RHB Louie Heritage
|
0-0: Swinging Strike 0-1: Ball 1-1: SINGLE (Groundball, 6MD, EV 110.0 MPH) Guo-dong Ruan scores Lucas Rauf to third Runner from 3rd tries for Home, SAFE, throw by CF to home
|
Pitching: LHP Tawfiq bin Khoury
|
|
Batting: RHB Amdegh Yafeu
|
0-0: SINGLE (Groundball, 56D, EV 105.6 MPH) Louie Heritage to second
|
Batting: RHB Evren Al-Suhrawardî
|
0-0: Called Strike 0-1: Ball 1-1: Foul Ball, location: 9LMF 1-2: Fly out, F6 (Popup, 6D, EV 54.4 MPH)
|
Bottom of the 3rd over - 2 runs, 3 hits, 0 errors, 2 left on base; Oman 0 - Palocabildo 8 |
TOP OF THE 4TH |
Oman Cavaliers batting - Pitching for Palocabildo Tarpons : RHP Elkhan Kauzov
|
Batting: LHB Sayyid bin Zaki
|
0-0: Called Strike 0-1: Ball 1-1: Ball 2-1: Ball 3-1: Swinging Strike 3-2: SINGLE (Line Drive, 6D, EV 101.3 MPH)
|
Batting: RHB Weihwa Nasila
|
0-0: Called Strike 0-1: Fly out, F8 (Flyball, 8LS, EV 99.4 MPH)
|
Batting: RHB Raphaël Laurent
|
0-0: Foul Ball, location: 23FF 0-1: DOUBLE (Flyball, 8LXD, EV 101.3 MPH) Sayyid bin Zaki to third
|
Batting: RHB Alistair Davis
|
0-0: Ball 1-0: Swinging Strike 1-1: Foul Ball, location: 2F 1-2: Foul Ball, location: 3FF 1-2: Ball 2-2: Ball 3-2: Strikes out swinging
|
Batting: SHB Daudi Tulivu
|
0-0: Foul Ball, location: 7LSF 0-1: Ball 1-1: Foul Ball, location: 7LDF 1-2: Strikes out looking
|
Top of the 4th over - 0 runs, 2 hits, 0 errors, 2 left on base; Oman 0 - Palocabildo 8 |
BOTTOM OF THE 4TH |
Palocabildo Tarpons batting - Pitching for Oman Cavaliers : LHP Tawfiq bin Khoury
|
Batting: RHB Martin Saunders
|
0-0: Called Strike 0-1: Swinging Strike 0-2: Fly out, F4 (Line Drive, 4, EV 75.0 MPH)
|
Batting: RHB Ibulaim Kimaiyo
|
0-0: Ball 1-0: Ball 2-0: Fly out, F7 (Line Drive, 8LM, EV 93.1 MPH)
|
Batting: LHB Rana Barlas
|
0-0: Ball 1-0: Ball 2-0: Ball 3-0: Base on Balls
|
Batting: RHB Guo-dong Ruan
|
0-0: Ball 1-0: Called Strike 1-1: Fly out, F8 (Flyball, 8LXD, EV 98.8 MPH)
|
Bottom of the 4th over - 0 runs, 0 hits, 0 errors, 1 left on base; Oman 0 - Palocabildo 8 |
TOP OF THE 5TH |
Oman Cavaliers batting - Pitching for Palocabildo Tarpons : RHP Elkhan Kauzov
|
Batting: RHB Hau Giap
|
0-0: Ball 1-0: Ball 2-0: Ball 3-0: Base on Balls
|
Batting: SHB Guruprasada Nigam
|
0-0: Ball 1-0: Fly out, F8 (Flyball, 89S, EV 83.8 MPH)
|
Batting: RHB Pierre Lemonnier
|
0-0: Called Strike Hau Giap steals 2nd base 0-1: Fly out, F5 (Line Drive, 5, EV 69.4 MPH)
|
Batting: RHB Jarno Soininen
|
0-0: Called Strike 0-1: Ball 1-1: SINGLE (Groundball, 6MD, EV 100.6 MPH) Hau Giap to third
|
Batting: LHB Sayyid bin Zaki
|
Balk! Hau Giap scores Jarno Soininen to second 0-0: Called Strike 0-1: Fly out, F5 (Popup, 56, EV 61.3 MPH)
|
Top of the 5th over - 1 run, 1 hit, 0 errors, 1 left on base; Oman 1 - Palocabildo 8 |
BOTTOM OF THE 5TH |
Palocabildo Tarpons batting - Pitching for Oman Cavaliers : LHP Tawfiq bin Khoury
|
Batting: RHB Lucas Rauf
|
0-0: Ball 1-0: Foul Ball, location: 2F 1-1: Ball 2-1: Ball 3-1: Foul Ball, location: 3F 3-2: Foul Ball, location: 2F 3-2: Ground out 6-3 (Groundball, 6MD, EV 103.1 MPH)
|
Batting: RHB Erion Dzaferi
|
0-0: Called Strike 0-1: Ground out 5-3 (Groundball, 5L, EV 79.4 MPH)
|
Batting: RHB Louie Heritage
|
0-0: Foul Ball, location: 25FF 0-1: Ball 1-1: Ball 2-1: Ball 3-1: Called Strike 3-2: Ground out 6-3 (Groundball, 56, EV 88.8 MPH)
|
Bottom of the 5th over - 0 runs, 0 hits, 0 errors, 0 left on base; Oman 1 - Palocabildo 8 |
TOP OF THE 6TH |
Oman Cavaliers batting - Pitching for Palocabildo Tarpons : RHP Elkhan Kauzov
|
Batting: RHB Weihwa Nasila
|
0-0: Foul Ball, location: 5F 0-1: Ball 1-1: Swinging Strike 1-2: Ball 2-2: Ball 3-2: Fly out, F2 (Popup, 23F, EV 84.4 MPH)
|
Batting: RHB Raphaël Laurent
|
0-0: Fly out, F8 (Flyball, 8RM, EV 92.5 MPH)
|
Batting: RHB Alistair Davis
|
0-0: SINGLE (Groundball, 4S, EV 67.5 MPH) (infield hit)
|
Batting: SHB Daudi Tulivu
|
0-0: Ball 1-0: Ball 2-0: Called Strike 2-1: Called Strike Alistair Davis steals 2nd base 2-2: SINGLE (Line Drive, 7LM, EV 102.5 MPH) Alistair Davis to third
|
Batting: RHB Hau Giap
|
0-0: Swinging Strike 0-1: Ground out 5-3 (Groundball, 56S, EV 81.9 MPH)
|
Top of the 6th over - 0 runs, 2 hits, 0 errors, 2 left on base; Oman 1 - Palocabildo 8 |
BOTTOM OF THE 6TH |
Palocabildo Tarpons batting - Pitching for Oman Cavaliers : LHP Tawfiq bin Khoury
|
Batting: RHB Amdegh Yafeu
|
0-0: Ball 1-0: Ground out 6-3 (Groundball, 56, EV 106.9 MPH)
|
Batting: RHB Evren Al-Suhrawardî
|
0-0: Ball 1-0: Foul Ball, location: 3F 1-1: Called Strike 1-2: SINGLE (Line Drive, 8RS, EV 105.0 MPH)
|
Batting: RHB Martin Saunders
|
0-0: Called Strike 0-1: Foul Ball, location: 3FF 0-2: Foul Ball, location: 2F 0-2: Fly out, F7 (Line Drive, 7D, EV 95.0 MPH)
|
Batting: RHB Ibulaim Kimaiyo
|
0-0: Fielders Choice at 2nd, 6-4 (Groundball, 6, EV 103.8 MPH)
|
Bottom of the 6th over - 0 runs, 1 hit, 0 errors, 1 left on base; Oman 1 - Palocabildo 8 |
TOP OF THE 7TH |
Oman Cavaliers batting - Pitching for Palocabildo Tarpons : RHP Elkhan Kauzov
|
Batting: SHB Guruprasada Nigam
|
0-0: Fly out, F5 (Popup, 5F, EV 61.3 MPH)
|
Batting: RHB Pierre Lemonnier
|
0-0: Called Strike 0-1: Ball 1-1: Foul Ball, location: 9LDF 1-2: Strikes out looking
|
Batting: RHB Jarno Soininen
|
0-0: Ball 1-0: Swinging Strike 1-1: Foul Ball, location: 23F 1-2: Ball 2-2: Ball 3-2: Fly out, F9 (Flyball, 89M, EV 99.4 MPH)
|
Top of the 7th over - 0 runs, 0 hits, 0 errors, 0 left on base; Oman 1 - Palocabildo 8 |
BOTTOM OF THE 7TH |
Palocabildo Tarpons batting - Pitching for Oman Cavaliers : LHP Tawfiq bin Khoury
|
Batting: LHB Rana Barlas
|
0-0: Called Strike 0-1: Called Strike 0-2: Fly out, F7 (Line Drive, 7, EV 100.0 MPH)
|
Batting: RHB Guo-dong Ruan
|
0-0: Ball 1-0: Ball 2-0: Ball 3-0: Called Strike 3-1: Swinging Strike 3-2: Foul Ball, location: 5FF 3-2: Strikes out swinging
|
Pinch Hitting: RHB Muti bin Ahmed
|
0-0: Called Strike 0-1: Fly out, F9 (Flyball, 89D, EV 100.6 MPH)
|
Bottom of the 7th over - 0 runs, 0 hits, 0 errors, 0 left on base; Oman 1 - Palocabildo 8 |
TOP OF THE 8TH |
Oman Cavaliers batting - Pitching for Palocabildo Tarpons : RHP Elkhan Kauzov
|
Pitching: LHP Bill Figueroa
|
|
Now in RF: Juvenal Barriga
|
|
Batting: LHB Sayyid bin Zaki
|
0-0: Ball 1-0: Ball 2-0: Ball 3-0: Called Strike 3-1: Fly out, F8 (Line Drive, 78M, EV 93.1 MPH)
|
Pinch Hitting: RHB Hairama Hiapo
|
0-0: Ball 1-0: Called Strike 1-1: Foul Ball, location: 9LSFF 1-2: Foul Ball, location: 5SF 1-2: SINGLE (Line Drive, 9S, EV 103.8 MPH)
|
Batting: RHB Raphaël Laurent
|
0-0: Ball 1-0: Swinging Strike 1-1: Grounds into double play, 5-4-3 (Groundball, 56, EV 105.0 MPH)
|
Top of the 8th over - 0 runs, 1 hit, 0 errors, 0 left on base; Oman 1 - Palocabildo 8 |
BOTTOM OF THE 8TH |
Palocabildo Tarpons batting - Pitching for Oman Cavaliers : LHP Tawfiq bin Khoury
|
Now at 1B: Hairama Hiapo
|
|
Now in RF: Sayyid bin Zaki
|
|
Batting: RHB Erion Dzaferi
|
0-0: Ball 1-0: Ball 2-0: Called Strike 2-1: Ground out 3-1 (Groundball, 34S, EV 86.9 MPH)
|
Batting: RHB Louie Heritage
|
0-0: Called Strike 0-1: Ball 1-1: Ground out 4-3 (Groundball, 4, EV 107.5 MPH)
|
Batting: RHB Amdegh Yafeu
|
0-0: Called Strike 0-1: Ground out 6-3 (Groundball, 6, EV 88.1 MPH)
|
Bottom of the 8th over - 0 runs, 0 hits, 0 errors, 0 left on base; Oman 1 - Palocabildo 8 |
TOP OF THE 9TH |
Oman Cavaliers batting - Pitching for Palocabildo Tarpons : LHP Bill Figueroa
|
Batting: RHB Alistair Davis
|
0-0: Ball 1-0: Ball 2-0: Called Strike 2-1: Foul Ball, location: 2F 2-2: Ground out 4-3 (Groundball, 4, EV 87.5 MPH)
|
Pinch Hitting: RHB Jose Amezcua
|
0-0: Ball 1-0: Ball 2-0: Ball 3-0: Base on Balls
|
Batting: RHB Hau Giap
|
0-0: Swinging Strike 0-1: Ball 1-1: Called Strike 1-2: Strikes out looking
|
Batting: SHB Guruprasada Nigam
|
0-0: Called Strike 0-1: Ball 1-1: Fly out, F9 (Line Drive, 9LM, EV 88.8 MPH)
|
Top of the 9th over - 0 runs, 0 hits, 0 errors, 1 left on base; Oman 1 - Palocabildo 8 |
|